 Dungeon Crawl Stone Soup version 0.23-a0-85-g22930c1 (webtiles) character file.

14934 Amnesiac the Geomancer (level 11, 0/68 HPs)
             Began as a Mummy Earth Elementalist on Aug 13, 2018.
             Was a High Priest of Vehumet.
             Slain by a two-headed ogre
             ... wielding a +0 giant club
              (7 damage)
             ... on level 1 of the Orcish Mines.
             The game lasted 00:23:44 (11587 turns).

Amnesiac the Geomancer (Mummy Earth Elementalist)  Turns: 11587, Time: 00:23:45

Health: 0/68       AC: 13    Str: 23    XL:     11   Next: 95%
Magic:  3/27       EV: 10    Int: 23    God:    Vehumet [*****.]
Gold:   402        SH:  4    Dex:  8    Spells: 15/35 levels left

rFire    + . .     SeeInvis +   a - +0 scimitar (flame)
rCold    + . .     Gourm    .   u - +0 buckler
rNeg     + + +     Faith    .   x - +1 scale mail of the Dozen Curses {Int+6 Dex-4}
rPois    ∞         Spirit   .   A - +1 hat {SInv}
rElec    +         Reflect  .   k - +0 cloak
rCorr    .         Harm     .   r - +1 pair of gloves "Sumeoc" {MR+ Regen+ Str+6}
MR       +....                  g - +1 pair of boots
Stlth    ..........             n - amulet "Ripnet" {Acrobat +Inv rElec MR- Str+4}
HPRegen  0.61/turn              e - ring of protection from fire
MPRegen  0.20/turn              h - ring of protection from fire

@: about to teleport, contaminated, glowing
A: no food or potions, fire vulnerability, cold resistance 1, negative energy
resistance 3, torment resistance, unbreathing
a: Renounce Religion, Evoke Invisibility


You were on level 1 of the Orcish Mines.
You worshipped Vehumet.
Vehumet was extremely pleased with you.
You were not hungry.

You visited 3 branches of the dungeon, and saw 13 of its levels.

You collected 856 gold pieces.
You spent 454 gold pieces at shops.

Inventory:

Hand Weapons
 a - a +0 scimitar of flaming (weapon)
 b - the +8 whip "Snakebite" {curare, rPois}
   (You found it on level 5 of the Dungeon)

   It poisons the flesh of those it strikes.
   It protects you from poison.
 z - a +0 blowgun
Missiles
 p - 322 stones (quivered)
 q - 24 poisoned needles
 B - 7 curare-tipped needles
Armour
 g - a +1 pair of boots (worn)
 k - a +0 cloak (worn)
 r - the +1 pair of gloves "Sumeoc" (worn) {MR+ Regen+ Str+6}
   (You bought it in a shop on level 6 of the Dungeon)

   It affects your strength (+6).
   It affects your resistance to hostile enchantments.
   It increases your rate of regeneration.
 u - a +0 buckler (worn)
 x - the +1 scale mail of the Dozen Curses (worn) {Int+6 Dex-4}
   (You found it on level 7 of the Dungeon)

   It affects your intelligence (+6).
   It affects your dexterity (-4).
 A - a +1 hat of see invisible (worn)
Jewellery
 e - a ring of protection from fire (left hand)
 h - a ring of protection from fire (right hand)
 n - the amulet "Ripnet" (around neck) {Acrobat +Inv rElec MR- Str+4}
   (You took it off an orc wizard on level 10 of the Dungeon)

   [amulet of the acrobat]

   It helps you evade while moving and waiting.
   It affects your strength (+4).
   It insulates you from electricity.
   It affects your resistance to hostile enchantments.
   It lets you turn invisible.
 y - an uncursed ring of see invisible
Wands
 i - a wand of polymorph (14)
 j - a wand of acid (11)
 v - a wand of flame (41)
Scrolls
 c - 3 scrolls of amnesia {!r}
 f - 11 scrolls of identify {!r}
 l - 5 scrolls of teleportation {!r}
 m - 6 scrolls of fog {!r}
 o - 2 scrolls of enchant weapon {!r}
 s - a scroll of magic mapping {!r}
 t - 2 scrolls of enchant armour {!r}
 w - 3 scrolls of remove curse {!r}


   Skills:
 - Level 1.5 Dodging
 - Level 1.5 Stealth
 - Level 4.0 Shields
 + Level 12.8 Spellcasting
 - Level 0.7 Transmutations
 * Level 12.9 Earth Magic


You had 15 spell levels left.
You knew the following spells:

 Your Spells              Type           Power        Failure   Level  Hunger
a - Sandblast             Erth           ######       1%          1    N/A
b - Passwall              Tmut/Erth      #####...     1%          2    N/A
c - Stone Arrow           Conj/Erth      #####.       1%          3    N/A
d - Lee's Rapid Deconstr  Erth           ######....   1%          5    N/A
e - Petrify               Tmut/Erth      #####...     7%          4    N/A
w - Irradiate             Conj/Tmut      ###.......   54%         5    N/A

Your spell library contained the following spells:

 Spells                   Type           Power        Failure   Level  Hunger
 Throw Frost              Conj/Ice       ##....       4%          2    N/A
 Freeze                   Ice            ##..         3%          1    N/A
 Summon Ice Beast         Ice/Summ       ##......     75%         4    N/A
 Ozocubu's Armour         Chrm/Ice       ##......     34%         3    N/A
 Throw Icicle             Conj/Ice       ##......     28%         4    N/A

Dungeon Overview and Level Annotations

Branches:
Dungeon (10/15)            Temple (1/1) D:5            Lair (0/6) D:8
    Orc (2/2) D:10
    Elf: Orc:2

Altars:
Ashenzari
Cheibriados
Dithmenos
Elyvilon
Fedhas
Gozag
Hepliaklqana
Kikubaaqudgha
Makhleb
Nemelex Xobeh
Okawaru
Qazlal
Ru
Sif Muna
Trog
Uskayaw
Vehumet
Wu Jian
Xom
Yredelemnul
Zin
The Shining One
Beogh

Shops:
D:4 *(*}[   D:6 (=[?   D:8 [

Annotations:
D:10 1 runed door, conein's ghost, novice DDFi


Innate Abilities, Weirdness & Mutations

You do not eat or drink.
Your flesh is vulnerable to fire.
You are immune to poison.
Your flesh is cold resistant. (rC+)
You are immune to negative energy. (rN+++)
You are immune to unholy pain and torment.
You can survive without breathing.


Message History

You feel your power returning. Vehumet accepts your kill.
You feel your power returning.
You feel a bit more experienced. You block the warg's attack.
The warg closely misses you.
You riposte.
You closely miss the warg.
Casting: Lee's Rapid Deconstruction (safe; 1% risk of failure)
Confirm with . or Enter, or press ? or * to list all spells.
Aiming: Lee's Rapid Deconstruction (safe; 1% risk of failure)
Press: ? - help, Dir - move target cursor A rock wall.
Okay, then.
You barely miss the warg. The warg bites you!
* * * LOW HITPOINT WARNING * * *
Casting: Lee's Rapid Deconstruction (safe; 1% risk of failure)
Confirm with . or Enter, or press ? or * to list all spells.
The spell is very dangerous to cast (54% risk of failure)!
Continue anyway?
You miscast Irradiate.
You are lightly contaminated with residual magic.
Your bandages stand on end.
The warg closely misses you. The two-headed ogre closely misses you.
You riposte.
You hit the two-headed ogre. You burn the two-headed ogre.
The two-headed ogre is severely wounded.
The two-headed ogre hits you but does no damage.
The ogre closely misses you. The warg completely misses you.
You riposte.
You closely miss the warg.
Casting: Irradiate (very dangerous; 54% risk of failure)
Confirm with . or Enter, or press ? or * to list all spells.
The spell is very dangerous to cast (54% risk of failure)!
Continue anyway?
You miscast Irradiate.
Your skin glows momentarily.
The warg bites you.
* * * LOW HITPOINT WARNING * * *
The ogre barely misses you.
You riposte.
You barely miss the ogre. The two-headed ogre barely misses you.
You riposte.
You slash the two-headed ogre! You burn the two-headed ogre.
The two-headed ogre is almost dead.
The two-headed ogre hits you with a giant club!
* * * LOW HITPOINT WARNING * * *
Casting: Irradiate (very dangerous; 54% risk of failure)
Confirm with . or Enter, or press ? or * to list all spells.
The spell is very dangerous to cast (54% risk of failure)!
Continue anyway?
You miscast Irradiate.
You are contaminated with residual magic.
The air around you crackles with energy!
The warg bites you but does no damage.
Casting: Irradiate (very dangerous; 54% risk of failure)
Confirm with . or Enter, or press ? or * to list all spells.
You don't have enough magic to cast that spell.
Really read
l - 6 scrolls of teleportation {!r}?
As you read the scroll of teleportation {!r}, it crumbles to dust.
You feel strangely unstable. The warg bites you but does no damage.
You block the two-headed ogre's attack.
The two-headed ogre hits you with a giant club!
* * * LOW HITPOINT WARNING * * *
The ogre barely misses you. The warg bites you.
* * * LOW HITPOINT WARNING * * *
Evoke which item? (* to show all) (? for menu, Esc to quit)
Aiming: Corrosive Bolt
Press: ? - help, Shift-Dir - straight line The bolt of acid misses the warg.
The bolt of acid hits the troll.
The troll is splashed with acid.
The acid corrodes the troll!
You kill the troll!
Vehumet accepts your kill.
You feel your power returning. The ogre closely misses you.
The two-headed ogre hits you with a giant club!
You die...

...$.........#.##
....$...........#
##.............#
.......>..o...#
..........o..##
......#....$##
..........)###
...#.......oO##
...........oh@# .
.....#.##.O##
..$.##...####
....... .....
....


You could see a two-headed ogre, a warg, an orc warrior, an ogre and an orc.

Vanquished Creatures
  An orc warlord (D:10)
  Fannar (Orc:1)
  Erica (D:9)
  Harold (D:7)
  2 two-headed ogres
  Sonja (Orc:1)
  A centaur skeleton (D:10)
  A komodo dragon (D:8)
  A queen bee (D:8)
  3 trolls
  Prince Ribbit (D:7)
  A wyvern (D:9)
  A human (D:9)
  6 wargs
  Menkaure (D:5)
  Duvessa (D:7)
  A black bear (D:6)
  12 orc warriors
  3 ice beasts
  4 phantoms
  2 hornet zombies
  2 sky beasts
  9 ogres
  A necrophage (Temple)
  A crocodile (D:9)
  3 centaurs
  5 big kobolds (D:3)
  Blork the orc (D:5)
  7 bullfrogs
  Dowan (D:7)
  A wyvern skeleton (D:8)
  A scorpion (D:10)
  A water moccasin skeleton (D:7)
  16 killer bees
  3 wights (D:7)
  An electric eel (D:9)
  5 crimson imps
  A centaur zombie (D:9)
  4 howler monkeys (D:8)
  4 jellies
  6 orc priests
  4 hounds
  Crazy Yiuf (D:5)
  2 iguanas
  10 orc wizards
  7 worker ants
  3 hound skeletons (D:4)
  15 gnolls
  11 adders
  4 shadow imps
  An adder zombie (D:9)
  3 worms
  3 dart slugs
  7 leopard geckos
  38 orcs
  13 bats
  4 giant cockroaches
  8 goblins
  6 hobgoblins
  10 jackals
  47 kobolds
  4 quokkas
  9 frilled lizards
  7 rats
  2 plants (D:9)
338 creatures vanquished.

Vanquished Creatures (others)
  2 plants (D:8)
  2 withered plants (D:10)
4 creatures vanquished.

Grand Total: 342 creatures vanquished

Notes
Turn   | Place    | Note
-------+----------+-------------------------------------------
     0 | D:1      | Amnesiac the Mummy Earth Elementalist began the quest for the Orb.
     0 | D:1      | Reached XP level 1. HP: 13/13 MP: 4/4
    32 | D:3      | Noticed an orc priest
    39 | D:4      | Found Helymoss's Antique Weapon Boutique.
   132 | D:4      | Reached XP level 2. HP: 16/19 MP: 0/6
   235 | D:4      | Noticed an ogre
   277 | D:4      | Reached XP level 3. HP: 20/24 MP: 3/7
   281 | D:4      | Learned a level 2 spell: Passwall
   285 | D:4      | Learned a level 3 spell: Stone Arrow
   328 | D:4      | Killed an ogre
   328 | D:4      | Reached XP level 4. HP: 30/30 MP: 1/10
   389 | D:4      | Learned a level 4 spell: Petrify
   558 | D:4      | Reached XP level 5. HP: 23/35 MP: 11/11
   625 | D:4      | Noticed a phantom
   653 | D:4      | Killed a phantom
   854 | D:4      | Found Tutiukee's Assorted Antiques.
   862 | D:4      | Bought a scroll labeled VULUMI ALEACU for 24 gold pieces
   862 | D:4      | Bought a scroll labeled MOYGAUR UHOA for 24 gold pieces
  1024 | D:4      | Noticed a phantom
  1029 | D:4      | Killed a phantom
  1029 | D:4      | Reached skill level 5 in Spellcasting
  1029 | D:4      | Reached skill level 5 in Earth Magic
  1029 | D:4      | Reached XP level 6. HP: 41/41 MP: 0/13
  1036 | D:4      | Learned a level 5 spell: Lee's Rapid Deconstruction
  1125 | D:4      | Found Zyraar's Gadget Shop.
  1134 | D:4      | Found Paps's General Store.
  1411 | D:5      | Entered Level 5 of the Dungeon
  1530 | D:4      | Found Qyentis's Antique Armour Boutique.
  1607 | D:4      | Bought a scroll labeled JUWUITAKAJ for 24 gold pieces
  1718 | D:5      | Noticed Blork the orc
  1723 | D:5      | Killed Blork the orc
  1883 | D:5      | Reached XP level 7. HP: 8/46 MP: 0/15
  2197 | D:5      | Found a staircase to the Ecumenical Temple.
  2207 | Temple   | Entered the Ecumenical Temple
  2212 | Temple   | Became a worshipper of Vehumet
  2800 | D:1      | Reached * piety under Vehumet
  2800 | D:1      | Offered knowledge of Shock by Vehumet.
  3050 | D:2      | Found an iron altar of Okawaru.
  3238 | D:2      | Found a shimmering altar of Xom.
  3247 | D:2      | Found a shimmering altar of Xom.
  3672 | D:2      | Found a burning altar of Makhleb.
  3789 | D:3      | Reached ** piety under Vehumet
  3789 | D:3      | Offered knowledge of Freeze by Vehumet.
  3934 | D:3      | Reached XP level 8. HP: 33/52 MP: 7/18
  3973 | D:3      | Offered knowledge of Throw Flame by Vehumet.
  4060 | D:3      | Reached *** piety under Vehumet
  4208 | D:3      | Offered knowledge of Sticky Flame by Vehumet.
  4289 | D:3      | Found a stormy altar of Qazlal.
  4408 | D:3      | Found a sacrificial altar of Ru.
  4882 | D:5      | Noticed Menkaure
  4888 | D:5      | Killed Menkaure
  4910 | D:5      | Found a runed door.
  5296 | D:5      | Noticed Crazy Yiuf
  5297 | D:5      | Found the +8 whip "Snakebite" {curare, rPois}
  5298 | D:5      | Killed Crazy Yiuf
  5370 | D:6      | Reached **** piety under Vehumet
  5400 | D:6      | Found Hubyxiuh's Antique Armour Emporium.
  5406 | D:6      | Got a shimmering leather armour
  5413 | D:6      | Offered knowledge of Irradiate by Vehumet.
  5435 | D:6      | Reached XP level 9. HP: 35/57 MP: 21/21
  5518 | D:6      | Found Tuys's Jewellery Boutique.
  5536 | D:6      | Found Dazyvul's Weapon Boutique.
  5728 | D:6      | Found Raxenish's Magic Scroll Shoppe.
  5798 | D:7      | Reached skill level 1 in Shields
  5901 | D:7      | Learned a level 5 spell: Irradiate
  5920 | D:7      | Got a distressingly furry scale mail
  6081 | D:7      | Noticed Duvessa
  6358 | D:7      | Noticed Dowan
  6361 | D:7      | Killed Duvessa
  6367 | D:7      | Killed Dowan
  6495 | D:7      | Noticed a troll
  6497 | D:7      | Noticed Prince Ribbit
  6499 | D:7      | Killed Prince Ribbit
  6501 | D:7      | Killed a troll
  6741 | D:7      | Reached XP level 10. HP: 52/63 MP: 19/23
  6779 | D:7      | Reached ***** piety under Vehumet
  6783 | D:7      | Found an opulent altar of Gozag.
  6832 | D:8      | Offered knowledge of Venom Bolt by Vehumet.
  6848 | D:8      | Noticed a two-headed ogre
  6905 | D:7      | Identified the +1 leather armour of the Other Side {Dex+4} (You found it on level 6 of the Dungeon)
  6915 | D:7      | Identified the +1 scale mail of the Dozen Curses {Int+6 Dex-4} (You found it on level 7 of the Dungeon)
  6924 | D:8      | Noticed Harold
  6938 | D:7      | Killed Harold
  6938 | D:7      | Reached skill level 10 in Spellcasting
  6938 | D:7      | Reached skill level 10 in Earth Magic
  7690 | D:8      | Found an ancient bone altar of Kikubaaqudgha.
  7775 | D:8      | Killed a two-headed ogre
  8063 | D:8      | Found a staircase to the Lair.
  8150 | D:8      | Found Hotul's Armour Shoppe.
  8567 | D:9      | Reached XP level 11. HP: 68/68 MP: 21/26
  9149 | D:9      | Noticed Erica
  9164 | D:9      | Killed Erica
  9328 | D:6      | Bought a pair of bloodstained gloves for 275 gold pieces
  9328 | D:6      | Bought a glowing robe for 107 gold pieces
  9360 | D:6      | Identified the +1 pair of gloves "Sumeoc" {MR+ Regen+ Str+6} (You bought it in a shop on level 6 of the Dungeon)
  9446 | D:10     | Entered Level 10 of the Dungeon
  9553 | D:10     | Noticed a two-headed ogre
  9563 | D:10     | Killed a two-headed ogre
  9706 | D:10     | Found a staircase to the Orcish Mines.
  9726 | D:10     | Got an ancient golden amulet
 10062 | D:10     | Found a runed door.
 10066 | D:10     | Noticed conein's ghost (novice DDFi)
 10449 | D:7      | Identified the amulet "Ripnet" {Acrobat +Inv rElec MR- Str+4} (You took it off an orc wizard on level 10 of the Dungeon)
 10543 | Orc:1    | Entered Level 1 of the Orcish Mines
 10765 | Orc:1    | Noticed Fannar
 10796 | Orc:1    | Killed Fannar
 10866 | Orc:1    | Noticed Sonja
 10881 | Orc:1    | Killed Sonja
 10881 | Orc:1    | Offered knowledge of Fulminant Prism by Vehumet.
 11005 | Orc:1    | Found a roughly hewn altar of Beogh.
 11078 | Orc:2    | Entered Level 2 of the Orcish Mines
 11099 | Orc:2    | Noticed an orc knight
 11105 | Orc:2    | Noticed an orc warlord
 11306 | D:10     | Killed an orc warlord
 11454 | Orc:2    | Noticed an orc knight
 11572 | Orc:1    | Noticed a two-headed ogre
 11587 | Orc:1    | Slain by a two-headed ogre

Vault maps used:
D:1:      minmay_arrival_diagonal_passages, minmay_misc_feat_ornament
D:2:      okawaru_gym_becter, xom_redecorated, makhleb_blood_cavern_becter
D:3:      minmay_goblin_kobold_castle, nicolae_overflow_crystal_walls,
          nicolae_qazlal_general_emergency
D:4:      serial_shops, shop, shop, shop_fountains, nicolae_shop_crystal, shop,
          first_ration, minmay_ruptured
D:5:      temple_hall, roderic_roman_lattice, uniq_blork_the_orc,
          uniq_crazy_yiuf_cottage, uniq_menkaure
D:6:      serial_shops, shop, kennysheep_mini_moat,
          nicolae_shop_temple_entry_statues_fountains,
          nicolae_shop_window_shopping, minmay_lizard_king
D:7:      grunt_gozag_statues, uniq_duvessa, uniq_prince_ribbit1
D:8:      old_standard_altar, david_lair_shrubbed, serial_shops, shop,
          nicolae_looking_at_the_future, uniq_harold
D:9:      grunt_pizzeria, serial_bayou_lagoon_a, uniq_erica
D:10:     david_orc_2, gammafunk_ghost_grave
Temple:   minmay_freezing_vapour_temple
Orc:1:    nicolae_orc_accident_2, nicolae_orc_crystal_geode, uniq_urug,
          uniq_sonja, uniq_fannar
Orc:2:    grunt_orc_cross

Skill      XL: |  1  2  3  4  5  6  7  8  9 10 11 |
---------------+----------------------------------+-----
Spellcasting   | 3 4 5 6 8 9 11 12 | 12.8
Earth Magic    | 3 4 5 6 8 9 11 12 | 12.9
Shields        | 3 4 |  4.0
Dodging        | |  1.5
Stealth        | |  1.5
Transmutations | |  0.7

Action                   |  1- 3 |  4- 6 |  7- 9 | 10-12 || total
-------------------------+-------+-------+-------+-------++-------
Melee: Dagger            |       |    26 |       |       ||    26
       Scimitar          |       |       |   101 |     4 ||   105
       Whip              |       |       |    74 |   278 ||   352
 Fire: Blowgun           |       |       |       |     4 ||     4
 Cast: Sandblast         |    15 |    20 |   142 |    28 ||   205
       Stone Arrow       |     1 |    12 |    45 |       ||    58
       Lee's Rapid Decon |       |       |    30 |    72 ||   102
       Petrify           |       |       |       |     8 ||     8
       Irradiate         |       |       |       |     1 ||     1
Evoke: Wand              |       |     2 |     1 |     1 ||     4
  Use: Scroll            |       |     6 |     3 |     8 ||    17
 Stab: Sleeping          |       |       |     2 |       ||     2
       Petrified         |       |       |       |    14 ||    14
Armor: Robe              |     2 |     1 |   133 |     2 ||   138
       Scale mail        |       |       |       |   120 ||   120
Dodge: Dodged            |     6 |    20 |   162 |   148 ||   336
Block: Buckler           |       |       |       |    46 ||    46
       Rpst.: Scimitar   |       |     2 |    34 |    13 ||    49

Table legend:
 A = Non-vault XP
 B = Vault XP
 C = Vault XP percentage of total XP
 D = Non-vault monster count
 E = Vault monster count
 F = Vault count percentage of total count
 G = Total turns spent on level
                 A         B        C        D         E       F
            +---------+---------+-------+---------+---------+-------
      Total |   14086 |    7249 |  34.0 |     238 |      98 |  29.2
            +---------+---------+-------+---------+---------+-------
        D:1 |      42 |       0 |   0.0 |      25 |       0 |   0.0
        D:2 |     100 |      40 |  28.6 |      20 |       1 |   4.8
        D:3 |     230 |     587 |  71.8 |      29 |      51 |  63.8
        D:4 |     550 |      32 |   5.5 |       9 |       2 |  18.2
        D:5 |     454 |     305 |  40.2 |      14 |       3 |  17.6
        D:6 |     483 |      53 |   9.9 |      13 |       9 |  40.9
        D:7 |    2271 |    1432 |  38.7 |      34 |       4 |  10.5
        D:8 |    2382 |    1352 |  36.2 |      38 |      13 |  25.5
        D:9 |    1107 |    1156 |  51.1 |      18 |       2 |  10.0
       D:10 |    3518 |      18 |   0.5 |      12 |       6 |  33.3
     Temple |     119 |       0 |   0.0 |       1 |       0 |   0.0
      Orc:1 |    2374 |    2274 |  48.9 |      21 |       7 |  25.0
      Orc:2 |     456 |       0 |   0.0 |       4 |       0 |   0.0
            +---------+---------+-------+---------+---------+-------
